 Dungeon Crawl Stone Soup version 0.22-a0-284-g99d1f7439c (webtiles) character file.

254 Infinimo the Chopper (level 5, 0/41 HPs)
             Began as a Demonspawn Berserker on Mar 21, 2018.
             Was a Believer of Trog.
             Hit by a poisoned tomahawk thrown by an orc (3 damage)
             ... on level 4 of the Dungeon.
             The game lasted 00:05:07 (3459 turns).

Infinimo the Chopper (Demonspawn Berserker)         Turns: 3459, Time: 00:05:08

Health: 0/41       AC:  3    Str: 18    XL:     5   Next: 90%
Magic:  5/5        EV: 12    Int:  8    God:    Trog [**....]
Gold:   105        SH:  0    Dex: 13    Spells: 4/4 levels left

rFire    . . .     SeeInvis .   e - +0 war axe
rCold    . . .     Gourm    .   (no shield)
rNeg     . . .     Faith    .   b - +0 animal skin
rPois    .         Spirit   .   d - +0 helmet
rElec    .         Reflect  .   (no cloak)
rCorr    .         Harm     .   (no gloves)
MR       .....     Rnd*Tele +   (no boots)
Stlth    +.........             (no amulet)
HPRegen  0.13/turn              k - ring of teleportation (curse)
MPRegen  0.09/turn              (no ring)

@: lethally poisoned (0 -> -6), berserk cooldown, slowed, very slow
A: demonic guardian 1, powered by pain 1
a: Berserk, Trog's Hand, Renounce Religion


You were on level 4 of the Dungeon.
You worshipped Trog.
Trog was pleased with you.
You were very hungry.

You visited 1 branch of the dungeon, and saw 4 of its levels.

You collected 105 gold pieces.

Inventory:

Hand Weapons
 e - a +0 war axe (weapon)
Armour
 b - a +0 animal skin (worn)
 d - a +0 helmet (worn)
Jewellery
 k - a cursed ring of teleportation (left hand)
Scrolls
 f - 4 scrolls of remove curse
 g - a scroll of magic mapping
 i - a scroll of random uselessness
 m - 3 scrolls of identify
 n - 3 scrolls of amnesia
Potions
 a - a potion of invisibility {unknown}
 h - 2 potions of curing
 j - a potion of resistance {unknown}
Comestibles
 c - 4 rations


   Skills:
 - Level 3.0 Fighting
 + Level 6.1 Axes
 - Level 1.7 Armour
 - Level 1.7 Dodging


You had 4 spell levels left.
You didn't know any spells.

Dungeon Overview and Level Annotations

Branches:
Dungeon (4/15)
 Temple: D:4-7

Altars:
Dithmenos
Trog
Vehumet


Innate Abilities, Weirdness & Mutations

A weak demonic guardian rushes to your aid.
You sometimes gain a little power by taking damage.


Message History

The orc shouts!
An orc wizard comes into view. It is wielding a dagger.
The orc wizard shouts!
You hear a shout! x3 2 orcs come into view.
There is an open door here.
You feel a strong urge to attack something.
The orc throws a stone.
You slam the door shut with a bang!
You feel your anger nearly subside.
You are no longer berserk.
You are exhausted.
You feel yourself slow down.
An orc opens the door.
The orc throws a poisoned tomahawk.
The poisoned tomahawk hits you.
* * * LOW HITPOINT WARNING * * *
You are lethally poisoned!
You see here a poisoned tomahawk.
* * * LOW HITPOINT WARNING * * *
You feel sick.
The orc throws a poisoned tomahawk.
The poisoned tomahawk hits you.
You die...

# ...oo.....# #
..oo......#...# ...# #
.....oo...# ..# ...# #
.......!..# ..#....# #
......oo..# ..#....#
####.##..##'####'#....#
...# #o #..........#
...+ .. #..(.......#
...#.. #.....5@...#
...#. #..........# ...#
#..........# ...#
#..........# ...#
#..........# #####
..#'#####..... #...#
...#. ...... '...# ..
+. .?.... #...#


You could see 2 orcs and a friendly quasit.

Vanquished Creatures
  An ice beast (D:3)
  A howler monkey (D:4)
  A worker ant (D:4)
  6 adders
  2 oozes
  2 worms
  2 dart slugs
  A leopard gecko (D:1)
  An orc (D:3)
  5 bats
  3 giant cockroaches
  3 goblins
  5 hobgoblins
  2 jackals (D:3)
  2 quokkas (D:3)
  4 frilled lizards
  8 kobolds
  6 rats
55 creatures vanquished.

Notes
Turn   | Place    | Note
-------+----------+-------------------------------------------
     0 | D:1      | Infinimo the Demonspawn Berserker began the quest for the Orb.
     0 | D:1      | Reached XP level 1. HP: 18/18 MP: 1/1
    55 | D:1      | Reached skill level 3 in Axes
   139 | D:1      | Gained mutation: You sometimes gain a little power by taking damage. [demonic ancestry]
   139 | D:1      | Reached XP level 2. HP: 21/24 MP: 2/2
   724 | D:2      | Reached XP level 3. HP: 14/29 MP: 3/3
   931 | D:2      | Reached skill level 4 in Axes
  1309 | D:2      | Found a shadowy altar of Dithmenos.
  1316 | D:2      | Reached ** piety under Trog
  1342 | D:2      | Gained mutation: A weak demonic guardian rushes to your aid. [demonic ancestry]
  1342 | D:2      | Reached XP level 4. HP: 26/35 MP: 4/4
  2092 | D:3      | Found a bloodstained altar of Trog.
  2222 | D:3      | Found a radiant altar of Vehumet.
  2244 | D:3      | Noticed an ice beast
  2459 | D:3      | Killed an ice beast
  2459 | D:3      | Reached skill level 5 in Axes
  2459 | D:3      | Reached XP level 5. HP: 37/41 MP: 5/5
  3232 | D:4      | Reached skill level 6 in Axes
  3459 | D:4      | Hit by a poisoned tomahawk thrown by an orc

Vault maps used:
D:1:      dpeg_arrival_rooms_c
D:2:      nicolae_dithmenos_shadow_blocks
D:3:      vehumet_crystals, lemuel_doored_altar, minivault_4
D:4:      eat_drink_and_be_merry_uskayaw

Skill      XL: |  1  2  3  4  5 |
---------------+----------------+-----
Axes           | 3 4 5 6 |  6.1
Fighting       | |  3.0
Armour         | |  1.7
Dodging        | |  1.7

Action                   |  1- 3 |  4- 6 || total
-------------------------+-------+-------++-------
Melee: Hand axe          |   100 |    28 ||   128
       War axe           |       |    63 ||    63
Invok: Berserk           |     1 |     5 ||     6
  Use: Scroll            |       |     7 ||     7
       Potion            |       |     1 ||     1
 Stab: Sleeping          |     2 |     2 ||     4
  Eat: Chunk             |     2 |     7 ||     9
       Ration            |       |     1 ||     1
Armor: Animal skin       |    25 |    17 ||    42
Dodge: Dodged            |    59 |    53 ||   112

Table legend:
 A = Spawn XP
 B = Non-spawn XP
 C = Spawn XP percentage of total XP
 D = Spawn monster count
 E = Non-spawn monster count
 F = Spawn count percentage of total count
 G = Total turns spent on level
                    A         B        C        D         E        F      G
               +---------+---------+-------+---------+---------+-------+---------
         Total |       0 |     363 |   0.0 |       0 |      55 |   0.0 |  3459
               +---------+---------+-------+---------+---------+-------+---------
           D:1 |       0 |      36 |   0.0 |       0 |      18 |   0.0 |   705
           D:2 |       0 |      96 |   0.0 |       0 |      17 |   0.0 |  1108
           D:3 |       0 |     145 |   0.0 |       0 |      16 |   0.0 |  1246
           D:4 |       0 |      86 |   0.0 |       0 |       4 |   0.0 |   400
               +---------+---------+-------+---------+---------+-------+---------
